 Dungeon Crawl Stone Soup version 0.32-a0-470-g255bbe2f98 (webtiles) character file.

Game seed: 5649862428931137688

1418 Conn the Sneak (level 8, 0/69 HPs)
             Began as an Octopode Fire Elementalist on Feb 25, 2024.
             Was an Initiate of Sif Muna.
             Engulfed by a cloud of flame (3 damage)
             ... on level 4 of the Dungeon.
             The game lasted 00:15:44 (5987 turns).

Conn the Sneak (Octopode Fire Elementalist)         Turns: 5987, Time: 00:15:45

Health: 0/69       AC: 24    Str: 13    XL:     8   Next: 71%
Magic:  1/15       EV:  2    Int: 20    God:    Sif Muna [......]
Gold:   171        SH:  0    Dex: 12    Spells: 11/17 levels left

rFire   + . .        m - +1 short sword (venom)
rCold   + . .        (no shield)
rNeg    . . .        (helmet currently unavailable)
rPois   +            (no amulet)
rElec   +            t - +6 ring of strength
rCorr   +            v - +5 ring of evasion
SInv    .            n - +5 ring of evasion
Will    +....        (no ring)
Stlth   +++          (no ring)
HPRegen 0.31/turn    (no ring)
MPRegen 0.14/turn    (no ring)
                     (no ring)

%: clarity
@: brilliant, tree-form, resistant, enlightened
A: stationary, stasis, torment immunity, boosted hp, almost no armour,
(amphibious), 8 rings, (camouflage 1), (gelatinous body 1), (nimble swimmer 1),
(tentacles), clarity, no potion heal 1
a: Renounce Religion


You were on level 4 of the Dungeon.
You worshipped Sif Muna.
Sif Muna was noncommittal.
You were a tree.
You visited 2 branches of the dungeon, and saw 7 of its levels.
You also visited: Sewer and Ossuary.

You collected 171 gold pieces.

Inventory:

Hand Weapons
 d - a +0 dagger
 m - a +1 short sword of venom (weapon)
Missiles
 r - 3 poisoned darts
Jewellery
 n - a +5 ring of evasion (on tentacle)
 t - a +6 ring of strength (left branch)
 v - a +5 ring of evasion (right branch)
Wands
 x - a wand of mindburst (3)
Scrolls
 a - a scroll of enchant armour
 b - a scroll of enchant weapon
 c - a scroll of fog
 e - 2 scrolls of teleportation
 h - 5 scrolls of vulnerability
 p - a scroll of identify
 q - a scroll of revelation {unknown}
 w - 4 scrolls of poison
Potions
 j - 2 potions of might
 k - 3 potions of haste
 o - a potion of invisibility
 s - 3 potions of enlightenment
 u - a potion of brilliance


   Skills:
 + Level 4.3 Dodging
 + Level 5.9 Stealth
 * Level 5.0 Spellcasting
 * Level 5.1 Conjurations
 + Level 2.9 Hexes
 + Level 4.7 Fire Magic
 * Level 1.4 Invocations


You had 11 spell levels left.
You knew the following spells:

 Your Spells              Type           Power      Damage    Failure   Level
a - Foxfire               Conj/Fire      100%       2x1d9     1%          1
b - Scorch                Fire           72%        2d8       2%          2
c - Inner Flame           Hex/Fire       30%        N/A       7%          3

Your spell library contained the following spells:

 Spells                   Type           Power      Damage    Failure   Level
 Volatile Blastmotes      Fire/Tloc      42%        2d13      13%         3
 Flame Wave               Conj/Fire      37%        2d10      16%         4
 Manifold Assault         Tloc           7%         N/A       75%         4
 Vhi's Electric Charge    Tloc/Air       14%        N/A       75%         4
 Arcjolt                  Conj/Air       11%        1d21      75%         5
 Dispersal                Tloc           3%         N/A       100%        6
 Plasma Beam              Fire/Air       10%        2x1d21    100%        6
 Disjunction              Tloc           3%         N/A       100%        8


Dungeon Overview and Level Annotations

Branches:
Dungeon (6/15)             Temple (1/1) D:4           Sewer (visited)
Ossuary (visited)

Altars:
Ashenzari
Cheibriados
Fedhas
Hepliaklqana
Makhleb
Sif Muna
Trog
Vehumet
Wu Jian
Yredelemnul
Zin


Innate Abilities, Weirdness & Mutations

You are a tree.
Your roots penetrate the ground, keeping you stationary.
You cannot be teleported.
You are immune to unholy pain and torment.
Your maximum health is greatly increased.
You cannot wear most types of armour.
((You are amphibious.))
You can wear up to eight rings at the same time.
((Your skin changes colour to match your surroundings (Stealth+).))
((Your rubbery body absorbs attacks. (AC +1, EV +1)))
((You are camouflaged when in or above water. (Stealth+)))
((You have tentacles for arms and can constrict up to eight enemies at once.))
You possess an exceptional clarity of mind.
Potions are less effective at restoring your health.


Message History

Sif Muna accepts your kill.
The hornet is engulfed in blazing flames.
Sif Muna accepts your kill.
The hornet explodes!
The fiery explosion engulfs you! You resist.
Your Spellcasting skill increases to level 5!
Your Conjurations skill increases to level 5!
Your Invocations skill increases to level 1!
Unknown command.
Unknown command.
Unknown command.
Okay, then.
Unknown command.
Unknown command.
Unknown command.
You are engulfed in blazing flames.
You resist.
You are engulfed in blazing flames.
You resist.
You are engulfed in blazing flames.
You resist.
You are engulfed in blazing flames.
You resist.
You are engulfed in blazing flames.
You resist.
You are engulfed in blazing flames.
You resist.
* * * LOW HITPOINT WARNING * * *
Your system partially rejects the healing.
You feel better.
You are engulfed in blazing flames.
You resist.
* * * LOW HITPOINT WARNING * * *
Your system partially rejects the healing.
You feel better.
You are engulfed in blazing flames.
You resist.
* * * LOW HITPOINT WARNING * * *
Your system partially rejects the healing.
You feel better.
You are engulfed in blazing flames.
You resist.
* * * LOW HITPOINT WARNING * * *
Your system partially rejects the healing.
You feel better.
You are engulfed in blazing flames.
You resist.
* * * LOW HITPOINT WARNING * * *
Press: ? - help, v - describe, . - travel The floor.
There is a cloud of flame here.
Unknown command.
Your roots keep you in place.
You are engulfed in blazing flames.
You resist.
You die...

..# .#.# #########'###
..# )# # #######
#......[# #.### .#.####
#.....# #......(# ....
....##.....# #.......#
#.######## #..#.....#
#....†..# .......
....###.......###§§.)...#
....#
#........)...#.§.......#
....#
...####.###..[#.........#
....+
#..♣.##..#.......###
....##.
####○##........§.#
........ #.☼☼##.....§§§.#
....##...
###.##.........# ##### ..
..##......#.# # #
##.#...[..#.# # .##.....#
# # ### :#....§§. # ....
##..#+##..


There were no monsters in sight!

Vanquished Creatures
  Grinder (D:3)
  A hornet (D:4)
  An ice beast (D:6)
  A kobold brigand (Sewer)
  2 weeping skulls (Ossuary)
  2 scorpions
  A killer bee (D:4)
  A howler monkey (D:6)
  A bombardier beetle (D:3)
  A hound (D:3)
  A centaur zombie (Ossuary)
  Terence (D:3)
  3 mummies (Ossuary)
  Robin (D:3)
  8 adders
  3 gnolls (D:3)
  6 river rats
  5 ribbon worms
  5 dart slugs
  2 orcs
  4 endoplasms
  5 giant cockroaches
  9 hobgoblins
  8 jackals
  6 quokkas
  11 ball pythons
  9 bats
  13 frilled lizards
  3 gnoll zombies (Ossuary)
  21 goblins
  18 kobolds
  3 kobold zombies (Ossuary)
  An orc zombie (Ossuary)
  12 rats
170 creatures vanquished.

Vanquished Creatures (collateral kills)
  A foxfire (Sewer)
1 creature vanquished.

Vanquished Creatures (others)
  362 foxfires
362 creatures vanquished.

Grand Total: 533 creatures vanquished

Notes
Turn   | Place    | Note
-------+----------+-------------------------------------------
     0 | D:1      | Conn the Octopode Fire Elementalist began the quest for the
                  | Orb.
     0 | D:1      | Reached XP level 1. HP: 11/11 MP: 3/3
   101 | D:1      | Reached XP level 2. HP: 8/17 MP: 0/5
   490 | D:1      | Reached XP level 3. HP: 21/21 MP: 1/6
  1266 | D:2      | Learned a level 2 spell: Scorch
  1270 | D:2      | Learned a level 3 spell: Inner Flame
  1486 | D:2      | Found an ornate altar of the Wu Jian Council.
  1496 | D:2      | Reached XP level 4. HP: 27/27 MP: 4/7
  2411 | D:3      | Noticed Terence
  2456 | D:3      | Killed Terence
  2457 | D:3      | Reached XP level 5. HP: 14/31 MP: 0/9
  2638 | D:3      | Reached skill level 1 in Hexes
  2667 | D:3      | Found a glowing drain.
  2675 | Sewer    | Entered a sewer
  2685 | Sewer    | Reached XP level 6. HP: 16/36 MP: 10/10
  3014 | Sewer    | Found a white marble altar of Elyvilon.
  3445 | D:3      | Noticed Robin
  3573 | D:3      | Killed Robin
  4067 | D:3      | Noticed Grinder
  4074 | D:3      | Paralysed by Grinder for 4 turns
  4080 | D:3      | Reached XP level 7. HP: 33/41 MP: 7/12
  4087 | D:3      | Paralysed by Grinder for 2 turns
  4091 | D:3      | Killed Grinder
  4747 | D:4      | Reached skill level 5 in Stealth
  4763 | D:4      | Found a sand-covered staircase.
  4802 | Ossuary  | Entered an ossuary
  5040 | Ossuary  | Reached XP level 8. HP: 26/46 MP: 2/14
  5324 | D:4      | Found a staircase to the Ecumenical Temple.
  5333 | Temple   | Entered the Ecumenical Temple
  5352 | Temple   | Became a worshipper of Sif Muna the Loreminder
  5456 | D:4      | You fall into a shaft and drop 2 floors!
  5665 | D:5      | Entered Level 5 of the Dungeon
  5956 | D:4      | Noticed a hornet
  5969 | D:4      | Gained mutation: You possess an exceptional clarity of
                  | mind. [potion of mutation]
  5969 | D:4      | Gained mutation: Potions are less effective at restoring
                  | your health. [potion of mutation]
  5976 | D:4      | Killed a hornet
  5977 | D:4      | Reached skill level 5 in Spellcasting
  5977 | D:4      | Reached skill level 5 in Conjurations
  5977 | D:4      | Reached skill level 1 in Invocations
  5986 | D:4      | HP: 3/69 [cloud of flame (7)]
  5987 | D:4      | Engulfed by a cloud of flame

Illustrated notes

Levels and vault maps discovered:
D:1:      tarquinn_simple_flora_water_a, layout_loops_ring,
          corexii_hall_statues_u, minmay_lizard_king
D:2:      layout_loops_ring, basic_altar
D:3:      kennysheep_goblin_castle, layout_basic, lightli_sewer_entry_pipes,
          uniq_grinder, uniq_terence
D:4:      layout_basic, minmay_temple_entry_grid, enter_ossuary_5,
          minmay_manual_mandibuliform
D:5:      layout_basic, mainiacjoe_overflow_surrounded_room
D:6:      layout_basic, mainiacjoe_overflow_24_doors, uniq_pikel
Temple:   hellmonk_temple_beads

Skill      XL: |  1  2  3  4  5  6  7  8 |
---------------+-------------------------+-----
Stealth        | 3 4 5 |  5.9
Conjurations   | 2 3 4 5 |  5.1
Spellcasting   | 3 4 5 |  5.0
Hexes          | 1 2 |  2.9
Dodging        | 3 4 |  4.3
Fire Magic     | 4 |  4.7
Invocations    | 1 |  1.4

Action                     |  1- 3 |  4- 6 |  7- 9 || total
---------------------------+-------+-------+-------++-------
  Melee: Unarmed           |     4 |       |       ||     4
         Tentacles         |     7 |    13 |    12 ||    32
         Constrict         |     6 |    17 |    15 ||    38
         Dagger            |    13 |       |       ||    13
         Short sword       |     9 |    61 |    58 ||   128
   Cast: Foxfire           |    73 |   108 |    23 ||   204
         Scorch            |       |    14 |    36 ||    50
         Inner Flame       |       |     2 |     3 ||     5
    Use: Scroll            |       |     1 |     4 ||     5
         Potion            |       |     1 |    18 ||    19
   Stab: Sleeping          |     7 |    10 |     2 ||    19
 Armour: Skin              |    18 |    38 |    45 ||   101
  Dodge: Dodged            |    26 |    49 |    80 ||   155

Table legend: (Time is in decaauts)
 A = Elapsed time spent in this place.
 B = Non-inter-level travel time spent in this place.
 C = Inter-level travel time spent in this place.
 D = Time resting spent in this place.
 E = Time spent auto-exploring this place.
 F = Levels seen in this place.
 G = Mean time per level.
                   A        B        C        D        E       F      G
               +--------+--------+--------+--------+--------+-----+--------+
         Total |   5962 |   5843 |    119 |     35 |   4177 |   9 |  662.4 |
       Dungeon |   5078 |   4959 |    119 |     35 |   3610 |   6 |  846.3 |
        Temple |     45 |     45 |      0 |      0 |      0 |   1 |   45.0 |
         Sewer |    377 |    377 |      0 |      0 |    260 |   1 |  377.0 |
       Ossuary |    461 |    461 |      0 |      0 |    307 |   1 |  461.0 |
               +--------+--------+--------+--------+--------+-----+--------+

Top non-repeatable levels by time:
     D:3: 1986 daAuts
     D:1: 1261 daAuts
     D:2: 1072 daAuts
 Ossuary: 461 daAuts
   Sewer: 377 daAuts
     D:4: 342 daAuts
     D:6: 208 daAuts
     D:5: 207 daAuts
  Temple: 45 daAuts
